 Dungeon Crawl Stone Soup version 0.28.0-53-g5a82cb258f (webtiles) character file.

Game seed: 16744821989684767203

41 H0rd4k the Charlatan (level 3, 0/26 HPs)
             Began as a Human Artificer on May 24, 2022.
             Slain by a quokka (2 damage)
             ... on level 2 of the Dungeon.
             The game lasted 00:01:13 (1856 turns).

H0rd4k the Charlatan (Human Artificer)              Turns: 1856, Time: 00:01:14

Health: 0/26       AC:  4    Str: 12    XL:     3   Next: 75%
Magic:  3/3        EV: 11    Int: 13    God:
Gold:   91         SH:  0    Dex: 13    Spells: 2/2 levels left

rFire   . . .      SeeInvis .   i - +1 dagger (flame)
rCold   . . .      Faith    .   (no shield)
rNeg    . . .      Spirit   .   b - +0 leather armour
rPois   .          Reflect  .   (no helmet)
rElec   .          Harm     .   (no cloak)
rCorr   .          Rampage  .   (no gloves)
Will    .....                   k - +0 pair of boots
Stlth   ++........              (no amulet)
HPRegen 0.08/turn               (no ring)
MPRegen 0.08/turn               (no ring)

@: lethally poisoned (0 -> -8)
A: no striking features
a: no special abilities


You were on level 2 of the Dungeon.
You visited 1 branch of the dungeon, and saw 2 of its levels.

You collected 91 gold pieces.

Inventory:

Hand Weapons
 a - a +0 club
 i - a +1 dagger of flaming (weapon)
Armour
 b - a +0 leather armour (worn)
 k - a +0 pair of boots (worn)
Wands
 c - a wand of flame (12) (quivered)
 d - a wand of charming (15)
Scrolls
 f - a scroll of enchant weapon {unknown}
 j - a scroll of magic mapping {unknown}
Potions
 h - a potion of curing {unknown}
 l - a potion of haste {unknown}
Miscellaneous
 e - a piece from Xom's chessboard (15/15)


   Skills:
 + Level 1.2 Fighting
 + Level 0.1 Short Blades
 + Level 1.2 Maces & Flails
 + Level 2.4 Armour
 + Level 1.5 Dodging
 + Level 1.6 Stealth
 + Level 3.2 Evocations


You had 2 spell levels left.
You didn't know any spells.
Your spell library was empty.

Dungeon Overview and Level Annotations

Branches:
Dungeon (2/15)

Altars:


Message History

You closely miss the rat. The rat barely misses you.
You closely miss the rat. The rat bites you.
You barely miss the rat. The rat bites you but does no damage.
You hit the rat. You burn the rat.
You kill the rat!
A rat comes into view.
A rat is nearby!
A rat is nearby!
An adder comes into view.
There are monsters nearby!
A quokka comes into view.
The quokka twitches its whiskers.
The adder bites you. The adder bites you. The adder bites you.
You are poisoned.
The adder poisons you!
You feel sick.
You hit the adder but do no damage.
You feel sick. The adder bites you.
You are more poisoned.
The adder poisons you!
You hit the adder. You burn the adder.
The adder is heavily wounded.
You feel sick. The adder bites you.
You are more poisoned.
The adder poisons you! The adder bites you but does no damage.
Aiming: Throw Flame
Press: ? - help, Shift-Dir - straight line, f - adder
Aim: an adder (heavily wounded, 53% to hit)
The puff of flame hits the adder!
You kill the adder!
* * * LOW HITPOINT WARNING * * *
You feel very sick.
A bat comes into view.
The quokka bites you.
* * * LOW HITPOINT WARNING * * *
It was a potion of magic.
Magic courses through your body.
* * * LOW HITPOINT WARNING * * *
You feel sick. The quokka bites you.
You die...

.. .## ####. ....# #. .....#
#.#.##.. .#
.....>#####.#..... #.#.###
##..##...##......# #........
......†...<......###........
#######.......##..##........
#.##....###...........
######.#.....@rr#..........
#....#....#####...#........
#......<...................
#..........#.....#.........
#####......................
#...............########
#.[.............#
#...)...........#
#...............#


You could see a quokka and a rat.

Vanquished Creatures
  An adder (D:2)
  2 dart slugs (D:1)
  3 endoplasms
  4 goblins
  A hobgoblin (D:1)
  4 quokkas (D:1)
  4 ball pythons
  A bat (D:2)
  A frilled lizard (D:1)
  3 kobolds (D:1)
  4 rats
28 creatures vanquished.

Notes
Turn   | Place    | Note
-------+----------+-------------------------------------------
     0 | D:1      | H0rd4k the Human Artificer began the quest for the Orb.
     0 | D:1      | Reached XP level 1. HP: 15/15 MP: 1/1
   533 | D:1      | Found a faded altar of an unknown god.
   646 | D:1      | Reached XP level 2. HP: 15/21 MP: 2/2
  1278 | D:1      | Reached skill level 1 in Maces & Flails
  1278 | D:1      | Reached XP level 3. HP: 26/26 MP: 3/3
  1856 | D:2      | Slain by a quokka

Illustrated notes

Levels and vault maps discovered:
D:1:      dpeg_arrival_shrine, layout_loops_ring,
          shapermc_ecumenical_altar_starsandcircs
D:2:      layout_rooms

Skill      XL: |  1  2 |
---------------+-------+-----
Maces & Flails | 1 |  1.2
Fighting       | |  1.2
Short Blades   | |  0.1
Armour         | |  2.4
Dodging        | |  1.5
Stealth        | |  1.6
Evocations     | |  3.2

Action                   || total
-------------------------++-------
Melee: Club              ||    72
       Dagger            ||    33
Evoke: Wand              ||     3
  Use: Potion            ||     1
 Stab: Sleeping          ||     5
Armor: Leather armour    ||    25
Dodge: Dodged            ||    55
